 Dungeon Crawl Stone Soup version 0.27-a0-323-gbd089401bb (webtiles) character file.

Game seed: 5912406565986688018

88 tabyourdongers the Sneak (level 4, -5/44 HPs)
             Began as a Troll Delver on Feb 10, 2021.
             Slain by a bullfrog (8 damage)
             ... on level 7 of the Dungeon.
             The game lasted 00:00:24 (120 turns).

tabyourdongers the Sneak (Troll Delver)              Turns: 120, Time: 00:00:25

Health: -5/44      AC:  6    Str: 21    XL:     4   Next: 29%
Magic:  3/3        EV: 10    Int:  6    God:
Gold:   0          SH:  0    Dex: 11    Spells: 3/3 levels left

rFire    . . .     SeeInvis .     - Unarmed
rCold    . . .     Faith    .   (no shield)
rNeg     . . .     Spirit   .   a - +0 robe
rPois    .         Reflect  .   (helmet restricted)
rElec    .         Harm     .   (no cloak)
rCorr    .         Rampage  .   (gloves unavailable)
Will     .....                  (boots unavailable)
Stlth    ++........             (no amulet)
HPRegen  0.54/turn              (no ring)
MPRegen  0.08/turn              (no ring)

@: no status effects
A: large, unfitting armour, claws 3, regeneration 1, shaggy fur 1, tough skin 3
a: no special abilities


You were on level 7 of the Dungeon.
You visited 1 branch of the dungeon, and saw 3 of its levels.

Inventory:

Armour
 a - a +0 robe (worn)
Wands
 f - a wand of digging (3)
Scrolls
 b - a scroll of fog
 c - a scroll of magic mapping
Potions
 e - a potion of haste
 g - a potion of mutation {unknown}


   Skills:
 + Level 2.8 Fighting
 + Level 1.7 Dodging
 + Level 3.5 Stealth
 + Level 2.2 Unarmed Combat


You had 3 spell levels left.
You didn't know any spells.
Your spell library was empty.

Dungeon Overview and Level Annotations

Branches:
Dungeon (7/15)
 Temple: D:4-7

Altars:


Innate Abilities, Weirdness & Mutations

You are too large for most types of armour.
You have claws for hands.
Your natural rate of healing is unusually fast.
You are covered in fur. (AC +1)
You have extremely tough skin. (AC +3)


Message History

As you read the scroll of fear, it crumbles to dust.
You assume a fearsome visage.
The adder looks frightened!
The bullfrog looks frightened!
You feel sick.
You feel sick. The bullfrog barely misses you.
Found 22 gold pieces.
The bullfrog barely misses you.
You feel sick.
The bullfrog hits you but does no damage.
The bullfrog hits you.
* * * LOW HITPOINT WARNING * * *
You feel sick. The bullfrog hits you.
* * * LOW HITPOINT WARNING * * *
The bullfrog seems to regain its courage.
The bullfrog hits you.
* * * LOW HITPOINT WARNING * * *
There are monsters nearby!
There are monsters nearby!
You feel sick.
The bullfrog hits you but does no damage.
As you open the door, it creaks loudly! The bullfrog barely misses you.
The bullfrog hits you.
* * * LOW HITPOINT WARNING * * *
Found 10 stones.
There is an open door here.
The bullfrog barely misses you.
You feel sick.
You are no longer poisoned.
The bullfrog barely misses you.
You see here 10 stones.
The bullfrog hits you.
* * * LOW HITPOINT WARNING * * *
The bullfrog hits you.
* * * LOW HITPOINT WARNING * * *
The bullfrog hits you but does no damage.
Found a stone staircase leading down.
The bullfrog hits you!
You die...

# # .. 8##.#
#.#.#####
###.###.#......
#.>....@.#
#.#####F.#
####..######
#...........
#.##..#####.
#.#...##
#.##......#
#......(.##
####.##.##


You could see a bullfrog.

Vanquished Creatures
  A black bear (D:7)
1 creature vanquished.

Notes
Turn   | Place    | Note
-------+----------+-------------------------------------------
     0 | D:5      | tabyourdongers the Troll Delver began the quest for the
                  | Orb.
     0 | D:5      | Reached XP level 1. HP: 22/22 MP: 0/0
    72 | D:6      | Noticed a black bear
    81 | D:7      | Noticed a bullfrog
    84 | D:7      | Killed a black bear
    85 | D:7      | Reached skill level 3 in Stealth
    85 | D:7      | Reached XP level 2. HP: 15/29 MP: 1/1
    85 | D:7      | Reached XP level 3. HP: 19/36 MP: 2/2
    85 | D:7      | Reached XP level 4. HP: 23/44 MP: 3/3
   116 | D:7      | HP: 1/44 [bullfrog (5)]
   120 | D:7      | Slain by a bullfrog

Illustrated notes

Levels and vault maps discovered:
D:5:      layout_basic, kennysheep_mini, serial_shops,
          nicolae_shop_competitors_out_of_business
D:6:      layout_basic, nicolae_overflow_hidden_temple, gup_sewer_entry_spiral,
          basic_altar, minmay_misc_feat_cross, uniq_maggie, uniq_blork_the_orc,
          uniq_pikel
D:7:      minmay_spotlight, layout_loops_corners, serial_shops, shop,
          lemuel_mausoleum_altar_kikubaaqudgha

Skill      XL: |  1 |
---------------+----+-----
Stealth        | 3 |  3.5
Fighting       | |  2.8
Dodging        | |  1.7
Unarmed Combat | |  2.2

Action                   |  1- 3 |  4- 6 || total
-------------------------+-------+-------++-------
Melee: Unarmed           |     5 |     7 ||    12
       Punch             |     1 |       ||     1
  Use: Scroll            |       |     1 ||     1
Armor: Robe              |     7 |     8 ||    15
Dodge: Dodged            |     7 |    14 ||    21

Table legend: (Time is in decaauts)
 A = Elapsed time spent in this place.
 B = Non-inter-level travel time spent in this place.
 C = Inter-level travel time spent in this place.
 D = Time resting spent in this place.
 E = Time spent auto-exploring this place.
 F = Levels seen in this place.
 G = Mean time per level.
                   A        B        C        D        E       F      G
               +--------+--------+--------+--------+--------+-----+--------+
         Total |    119 |    119 |      0 |      0 |     69 |   3 |   39.7 |
       Dungeon |    119 |    119 |      0 |      0 |     69 |   3 |   39.7 |
               +--------+--------+--------+--------+--------+-----+--------+

Top non-repeatable levels by time:
     D:6: 77 daAuts
     D:7: 40 daAuts
     D:5: 1 daAuts
